Kradschützen Motorcycle Team
Construct Light Support Kompanie
Selects Battlefield Espionage Battlegroup
Selects Intel Disruption Beacon
Pak 38 Anti-tank Gun Team
Selects 250/3 Funkpanzerwagen
Selects Anti-Tank Incendiary Munitions
Construct Panzerarmee Kommand
Walking Stuka Rocket Launcher
Pak 38 Anti-tank Gun Team
Walking Stuka Rocket Launcher
Selects Disruption Operation
Walking Stuka Rocket Launcher
Selects Operation Skorpion